 Dungeon Crawl Stone Soup version 0.30-a0-377-g5cb311bc9f (webtiles) character file.

Game seed: 9094630150637690347

5989 Raultor the Transmogrifier (level 10, -2/82 HPs)
             Began as an Octopode Transmuter on Nov 30, 2022.
             Was a Priest of Wu Jian.
             Slain by a vampire (4 damage)
             ... on level 9 of the Dungeon.
             The game lasted 00:32:15 (8701 turns).

Raultor the Transmogrifier (Octopode Transmuter)    Turns: 8701, Time: 00:32:16

Health: -2/82      AC: 10    Str:  9    XL:     10   Next: 85%
Magic:  15/15      EV: 14    Int: 27    God:    Wu Jian [***...]
Gold:   194        SH:  0    Dex: 12    Spells: 6/16 levels left

rFire   x . .      SeeInvis .      - Unarmed
rCold   + + +      Faith    .    (shield currently unavailable)
rNeg    . . .      Spirit   .    (helmet currently unavailable)
rPois   +          Reflect  .    d - amulet of magic regeneration
rElec   .          Harm     .    P - ring of poison resistance
rCorr   .          Rampage  .    Z - ring of wizardry
Will    .....                    E - +4 ring of evasion
Stlth   +.........               I - +6 ring of intelligence
HPRegen 0.33/turn                z - ring of wizardry
MPRegen 0.54/turn                (no ring)
                                 (no ring)
                                 (no ring)

@: ice-form
A: freezing attack, boosted hp, almost no armour, amphibious, 8 rings, large,
(camouflage 1), (gelatinous body 1), (nimble swimmer 1), (tentacles)
a: End Transformation, Renounce Religion, Wall Jump, Serpent's Lash


You were on level 9 of the Dungeon.
You worshipped Wu Jian.
Wu Jian was most pleased with you.
You were a creature of crystalline ice.
You visited 1 branch of the dungeon, and saw 9 of its levels.

You collected 435 gold pieces.
You spent 241 gold pieces at shops.


Innate Abilities, Weirdness & Mutations

You are a creature of crystalline ice.
You have a powerful freezing melee attack.
Your maximum health is increased.
Your armour is entirely melded.
You are incapable of wielding weapons or throwing items.
You cannot wear most types of armour.
You are amphibious.
You can wear up to eight rings at the same time.
((Your skin changes colour to match your surroundings (Stealth+).))
((Your rubbery body absorbs attacks. (AC +1, EV +1)))
((You are camouflaged when in or above water. (Stealth+)))
((You have tentacles for arms and can constrict up to eight enemies at once.))


   Skills:
 + Level 6.5 Fighting
 - Level 2.0 Dodging
 + Level 7.1 Unarmed Combat
 + Level 3.5 Spellcasting
 * Level 9.6 Transmutations
 - Level 4.3 Ice Magic
 * Level 6.5 Air Magic
 - Level 3.0 Poison Magic


You had 6 spell levels left.
You knew the following spells:

 Your Spells              Type           Power      Damage    Failure   Level
b - Beastly Appendage     Tmut           100%       N/A       1%          1
c - Ice Form              Ice/Tmut       42%        N/A       1%          4
s - Spider Form           Tmut/Pois      39%        N/A       1%          3
w - Wereblood             Tmut           54%        N/A       1%          2

Your spell library contained the following spells:

 Spells                   Type           Power      Damage    Failure   Level
 Sting                    Tmut/Pois      100%       1d8       1%          1
 Frozen Ramparts          Ice            56%        1d9       1%          3
 Blink                    Tloc           8%         N/A       3%          2
 Summon Ice Beast         Ice/Summ       16%        N/A       10%         4
 Freezing Cloud           Conj/Ice/Air   12%        6-21      13%         5
 Manifold Assault         Tloc           4%         N/A       21%         4
 Eringya's Noxious Bog    Tmut/Pois      19%        N/A       24%         6
 Simulacrum               Ice/Necr       8%         N/A       75%         6
 Storm Form               Tmut/Air       24%        N/A       52%         7
 Fire Storm               Conj/Fire      2%         8d1       100%        9
 Polar Vortex             Ice            14%        N/A       100%        9

Inventory:

Missiles
 F - a throwing net {=f}
Magical Staves
 q - a staff of fire {!a}
Jewellery
 d - an amulet of magic regeneration (around neck)
 z - a ring of wizardry (on tentacle)
 E - a +4 ring of evasion (on tentacle)
 I - a +6 ring of intelligence (on tentacle)
 P - a ring of poison resistance (left front paw)
 Z - a ring of wizardry (right front paw)
Wands
 r - a wand of mindburst (11)
 v - a wand of charming (11)
 y - a wand of iceblast (24)
 A - a wand of polymorph (6)
Scrolls
 c - 2 scrolls of noise {unknown}
 i - 2 scrolls of immolation {unknown}
 j - 2 scrolls of vulnerability {unknown}
 l - a scroll of butterflies {unknown}
 o - 2 scrolls of enchant armour {unknown}
 p - 3 scrolls of teleportation {@r2}
 t - 2 scrolls of amnesia {unknown}
 u - 3 scrolls of magic mapping
 w - a scroll of summoning {unknown}
 x - 3 scrolls of brand weapon {unknown}
 C - a scroll of poison {unknown}
 G - 2 scrolls of enchant weapon {unknown}
Potions
 a - a potion of lignification
 b - 5 potions of resistance
 e - 2 potions of heal wounds {@q2}
 f - 2 potions of berserk rage {!q}
 g - 3 potions of flight
 h - a potion of attraction
 k - 2 potions of curing {@q1}
 m - 4 potions of might
 n - a potion of mutation {unknown}
 s - a potion of cancellation
 B - a potion of magic
 D - 2 potions of brilliance

Dungeon Overview and Level Annotations

Branches:
Dungeon (9/15)             Temple (0/1) D:7
   Lair: D:8-11         Orc: D:9-12

Altars:
Cheibriados
Elyvilon
Fedhas
Gozag
Hepliaklqana
Kikubaaqudgha
Makhleb
Nemelex Xobeh
Okawaru
Qazlal
Uskayaw
Vehumet
Wu Jian
Yredelemnul

Shops:
D:3 ?   D:4 !   D:5 (   D:8 (?

Annotations:
D:8 2 transporters, Grum; funkygono's ghost, novice DsFE

#.##...## ..## #####...# ...##
#...# ##....## #...# #......#
#...# #........░8. #...#
##.........░8.8 #...## #...#
........ #....# #.{.# #.....#####
#....## ##Y.## #.....##.. ##....#
#...# #........
######....#####..## ##......#
#...##....#.......## ###.......#
####...............####.....#....
###........##...#......####...
###...#####........### ##..
#.....####......## #..
#.............### ##.


There were no monsters in sight!


Message History

You are confused.
You closely miss the vampire.
The vampire is moderately damaged.
The vampire hits you. The vampire bites you!
* * * LOW HITPOINT WARNING * * *
The vampire draws strength from your injuries!
You bump into the rock wall.
The vampire closely misses you. The vampire barely misses you.
You're too confused to move!
The vampire gestures wildly while chanting.
The vampire flickers and vanishes!
Deactivating autopickup; reactivate with Ctrl-A.
You feel better. Something hits you! Something bites you.
* * * LOW HITPOINT WARNING * * *
Something draws strength from your injuries!
You punch something! Something hits you.
* * * LOW HITPOINT WARNING * * *
Something bites you!
* * * LOW HITPOINT WARNING * * *
Something draws strength from your injuries!
You punch something! Something hits you!
* * * LOW HITPOINT WARNING * * *
Something bites you.
* * * LOW HITPOINT WARNING * * *
Something draws strength from your injuries!
Unknown command.
Something hits you!
* * * LOW HITPOINT WARNING * * *
Something bites you.
You die...

Skill      XL: |  1  2  3  4  5  6  7  8  9 10 |
---------------+-------------------------------+-----
Transmutations | 4 5 7 8 9 |  9.6
Fighting       | 2 3 4 5 6 |  6.5
Unarmed Combat | 4 5 6 7 |  7.1
Ice Magic      | 2 3 4 |  4.3
Poison Magic   | 2 3 |  3.0
Air Magic      | 1 4 6 |  6.5
Spellcasting   | 3 |  3.5
Dodging        | |  2.0

Action                   |  1- 3 |  4- 6 |  7- 9 | 10-12 || total
-------------------------+-------+-------+-------+-------++-------
Melee: Unarmed           |    95 |    44 |   292 |   138 ||   569
       Constrict         |    22 |     8 |     6 |       ||    36
       Tentacles         |    21 |     9 |     3 |       ||    33
       Punch             |     5 |     2 |     1 |       ||     8
       Kick              |    15 |    18 |     6 |       ||    39
 Cast: Beastly Appendage |     7 |     8 |     1 |       ||    16
       Wereblood         |     2 |       |     6 |     2 ||    10
       Ice Form          |       |       |    30 |    13 ||    43
Invok: Lunge             |       |       |    18 |     6 ||    24
       Whirlwind         |       |       |     9 |    43 ||    52
 Abil: Wall Jump         |       |       |       |     1 ||     1
  Use: Scroll            |     5 |       |     3 |     3 ||    11
       Potion            |       |     1 |       |     1 ||     2
 Stab: Sleeping          |     7 |     6 |     2 |       ||    15
Armor: Skin              |     4 |     1 |    83 |    27 ||   115
Dodge: Dodged            |    41 |    21 |   165 |    70 ||   297

Levels and vault maps discovered:
D:1:      elethiomel_arrival_infinity_welcomes_careful_drivers, layout_basic,
          chequers_serial_rivers_room_a, hex_large
D:2:      layout_loops_ring, lightli_corner_chamber
D:3:      layout_rooms, fedhas_altar_3, nemelex_xobeh_ov_fountains_minmay,
          serial_shops, nicolae_diamond_shop, corexii_item_surrounded_by_moat,
          minivault_14, kennysheep_generic_room_9, uniq_grinder
D:4:      layout_basic, lemuel_tele_altar, mainiacjoe_overflow_alcove_2,
          serial_shops, shop, uniq_sigmund
D:5:      layout_basic, bloody_makhleb, grunt_temple_overflow_open,
          mainiacjoe_overflow_tiny_flanked, doesnt_shop_hydraphobe
D:6:      layout_gridville, corner_web_ring, minmay_liquid_box
D:7:      layout_layer_cave, lemuel_mausoleum_altar_yredelemnul,
          kiku_gazebo_pond_becter, minmay_temple_entry_nine_rooms
D:8:      layout_cave_pools, worldfamousw_hep_ancestral_shrine,
          elyvilon_altar_4, gammafunk_ghost_gnarly_gnolls, serial_shops,
          kennysheep_mini_moat, nicolae_shop_stone, uniq_maurice
D:9:      layout_layer_cave, minmay_statue_bubble

Notes
Turn   | Place    | Note
-------+----------+-------------------------------------------
     0 | D:1      | Raultor the Octopode Transmuter began the quest for the
                  | Orb.
     0 | D:1      | Reached XP level 1. HP: 13/13 MP: 3/3
   336 | D:1      | Reached XP level 2. HP: 18/18 MP: 5/5
   960 | D:2      | Learned a level 2 spell: Wereblood
  1002 | D:2      | Got the Precepts of Conflagration and the Assassin
  1208 | D:2      | Reached XP level 3. HP: 22/23 MP: 6/6
  1648 | D:3      | Reached skill level 3 in Transmutations
  1724 | D:3      | Found Idyeh's Magic Scroll Shop.
  1737 | D:3      | Bought a scroll of identify for 22 gold pieces
  1737 | D:3      | Bought a scroll of identify for 22 gold pieces
  1737 | D:3      | Bought a scroll of identify for 22 gold pieces
  1737 | D:3      | Bought a scroll of identify for 22 gold pieces
  1773 | D:3      | Found a blossoming altar of Fedhas.
  1795 | D:3      | Found a sparkling altar of Nemelex Xobeh.
  1923 | D:3      | Noticed Grinder
  1939 | D:3      | Paralysed by Grinder for 3 turns
  1954 | D:3      | Paralysed by Grinder for 4 turns
  1978 | D:3      | Killed Grinder
  1979 | D:3      | Reached skill level 2 in Fighting
  1979 | D:3      | Reached skill level 4 in Unarmed Combat
  1979 | D:3      | Reached skill level 4 in Transmutations
  1979 | D:3      | Reached XP level 4. HP: 16/30 MP: 7/7
  1979 | D:3      | Reached XP level 5. HP: 20/36 MP: 8/8
  1979 | D:3      | Reached XP level 6. HP: 22/41 MP: 9/9
  1984 | D:3      | Learned a level 4 spell: Ice Form
  2088 | D:3      | Reached skill level 3 in Fighting
  2488 | D:4      | Found a stormy altar of Qazlal.
  2748 | D:4      | Reached skill level 1 in Ice Magic
  2861 | D:4      | Found an ornate altar of the Wu Jian Council.
  2874 | D:4      | Reached skill level 5 in Transmutations
  2883 | D:4      | Noticed Sigmund
  2892 | D:4      | Killed Sigmund
  2893 | D:4      | Reached skill level 2 in Ice Magic
  2893 | D:4      | Reached XP level 7. HP: 46/46 MP: 10/10
  2943 | D:4      | Became a worshipper of the Wu Jian Council
  2970 | D:4      | Found Evvaede's Distillery.
  2979 | D:4      | Bought a potion of might for 48 gold pieces
  3247 | D:5      | Entered Level 5 of the Dungeon
  3257 | D:5      | Reached skill level 3 in Ice Magic
  3397 | D:5      | Found a burning altar of Makhleb.
  3415 | D:5      | Found a hide-covered altar of Uskayaw.
  3417 | D:5      | Found an opulent altar of Gozag.
  3437 | D:5      | Found an iron altar of Okawaru.
  3437 | D:5      | Found a radiant altar of Vehumet.
  3446 | D:5      | Found a snail-covered altar of Cheibriados.
  3466 | D:5      | Reached XP level 8. HP: 54/54 MP: 11/11
  3502 | D:5      | Reached skill level 6 in Transmutations
  3604 | D:5      | Reached skill level 4 in Fighting
  3604 | D:5      | Reached skill level 5 in Unarmed Combat
  3819 | D:5      | Found Gipalaf's Hydra Hut.
  3825 | D:5      | Noticed a five-headed hydra
  4007 | D:6      | Reached skill level 4 in Ice Magic
  4134 | D:6      | Learned a level 3 spell: Spider Form
  4216 | D:6      | Reached skill level 1 in Poison Magic
  4380 | D:6      | Reached * piety under Wu Jian
  4608 | D:6      | Reached skill level 1 in Air Magic
  4608 | D:6      | Reached skill level 2 in Poison Magic
  4766 | D:6      | Reached skill level 7 in Transmutations
  4999 | D:7      | Reached XP level 9. HP: 59/59 MP: 10/12
  5048 | D:7      | Reached skill level 3 in Poison Magic
  5186 | D:7      | Reached skill level 2 in Air Magic
  5437 | D:7      | Reached skill level 5 in Fighting
  5438 | D:7      | Reached skill level 3 in Air Magic
  5679 | D:7      | Reached ** piety under Wu Jian
  5680 | D:7      | Reached skill level 6 in Unarmed Combat
  5712 | D:7      | Reached skill level 8 in Transmutations
  5716 | D:7      | Reached skill level 4 in Air Magic
  5737 | D:7      | Found a basalt altar of Yredelemnul.
  5944 | D:7      | Found an ancient bone altar of Kikubaaqudgha.
  5949 | D:7      | Identified 5 potions of resistance
  6119 | D:7      | Found a staircase to the Ecumenical Temple.
  6678 | D:8      | Found Tiyplubb's Weapon Shop.
  6803 | D:8      | Noticed Grum
  6875 | D:8      | Found a transporter.
  6886 | D:8      | Reached XP level 10. HP: 31/68 MP: 13/13
  6891 | D:8      | Identified the ring of Scepticism {Will+ MP+9 Dex+6}
  6905 | D:8      | Noticed funkygono's ghost (novice DsFE)
  7047 | D:8      | Identified the +2 buckler of Beiryinn {Rampage}
  7080 | D:8      | Identified the +0 robe of the Cricket {rElec Will+ Int+4}
  7125 | D:8      | Found Uffylel's Magic Scroll Emporium.
  7128 | D:8      | Bought a scroll of teleportation for 45 gold pieces
  7128 | D:8      | Bought a scroll of identify for 30 gold pieces
  7128 | D:8      | Bought a scroll of identify for 30 gold pieces
  7141 | D:8      | Noticed Maurice
  7201 | D:8      | Killed Maurice
  7202 | D:8      | Reached skill level 5 in Air Magic
  7237 | D:8      | Found a white marble altar of Elyvilon.
  7300 | D:8      | Found a transporter.
  7387 | D:8      | Found a hazy altar of Hepliaklqana.
  7456 | D:8      | Reached skill level 6 in Fighting
  7739 | D:9      | Reached skill level 9 in Transmutations
  7777 | D:8      | Reached skill level 3 in Spellcasting
  8170 | D:9      | Reached skill level 6 in Air Magic
  8186 | D:8      | Reached skill level 7 in Unarmed Combat
  8339 | D:9      | Reached *** piety under Wu Jian
  8701 | D:9      | HP: 2/82 [something (9)]
  8701 | D:9      | Slain by a vampire

Vanquished Creatures
  Maurice (D:8)
  Grinder (D:3)
  Sigmund (D:4)
  3 steam dragons
  13 yaks
  2 water moccasins
  A hornet zombie (D:7)
  2 ice beasts (D:6)
  A sky beast (D:7)
  2 phantoms
  3 centaurs
  4 kobold brigands
  A wyvern zombie (D:7)
  3 necrophages
  3 scorpions
  10 wights
  A water moccasin zombie (D:7)
  2 howler monkeys (D:4)
  A centaur zombie (D:7)
  A bullfrog zombie (D:7)
  2 jellies
  A hound (D:6)
  A gnoll bouda (D:8)
  5 orc priests
  A human zombie (D:7)
  2 iguanas
  2 orc wizards
  2 killer bee zombies (D:7)
  A howler monkey zombie (D:7)
  9 gnolls
  4 adders
  A shadow imp (D:6)
  2 white imps
  An ufetubus (D:5)
  A worm (D:3)
  A dart slug (D:2)
  20 orcs
  5 bats
  9 endoplasms
  7 giant cockroaches
  4 goblins
  8 hobgoblins
  2 quokkas
  3 ball pythons
  A frilled lizard (D:3)
  13 kobolds
  3 rats
167 creatures vanquished.

Vanquished Creatures (others)
  9 plants
9 creatures vanquished.

Grand Total: 176 creatures vanquished

Table legend: (Time is in decaauts)
 A = Elapsed time spent in this place.
 B = Non-inter-level travel time spent in this place.
 C = Inter-level travel time spent in this place.
 D = Time resting spent in this place.
 E = Time spent auto-exploring this place.
 F = Levels seen in this place.
 G = Mean time per level.
                   A        B        C        D        E       F      G
               +--------+--------+--------+--------+--------+-----+--------+
         Total |   8651 |   8320 |    331 |    648 |   6117 |   9 |  961.2 |
       Dungeon |   8651 |   8320 |    331 |    648 |   6117 |   9 |  961.2 |
               +--------+--------+--------+--------+--------+-----+--------+

Top non-repeatable levels by time:
     D:7: 1728 daAuts
     D:8: 1035 daAuts
     D:9: 980 daAuts
     D:6: 934 daAuts
     D:2: 913 daAuts
     D:1: 802 daAuts
     D:4: 787 daAuts
     D:5: 738 daAuts
     D:3: 732 daAuts

Table legend:
 A = Non-vault XP
 B = Vault XP
 C = Vault XP percentage of total XP
 D = Non-vault monster count
 E = Vault monster count
 F = Vault count percentage of total count
                 A         B        C        D         E       F
            +---------+---------+-------+---------+---------+-------
      Total |    6870 |    1686 |  19.7 |     151 |      16 |   9.6
            +---------+---------+-------+---------+---------+-------
        D:1 |      17 |       0 |   0.0 |       9 |       0 |   0.0
        D:2 |      25 |       0 |   0.0 |      13 |       0 |   0.0
        D:3 |      40 |     279 |  87.5 |      15 |       2 |  11.8
        D:4 |     371 |     223 |  37.5 |      20 |       1 |   4.8
        D:5 |     527 |       0 |   0.0 |       9 |       0 |   0.0
        D:6 |     773 |       0 |   0.0 |      16 |       0 |   0.0
        D:7 |    1204 |     739 |  38.0 |      33 |      12 |  26.7
        D:8 |    1631 |     445 |  21.4 |      21 |       1 |   4.5
        D:9 |    2282 |       0 |   0.0 |      15 |       0 |   0.0
            +---------+---------+-------+---------+---------+-------
